AoeStats
← thiago.16

Baltic

510423629Analyzed
2v2 RM · 2d ago on Sep 30, 2026· 66m 33s· 4 players
Game mode
Random Map
Map size
Medium (4 player)
Population
200
Speed
Normal
Resources
Standard
Victory
Conquest
Starting age
Dark Age
Ending age
Imperial Age
RankedLock teamsTeams togetherTeam positionsShared explorationLock speedFull tech treeHidden civsTurbo modeCheats
Victory
Defeat
🇧🇷 Japanese · Brazil
562
+12
🇧🇷 Magyars · Brazil
561
+12
🇧🇴 Bohemians · Bolivia
484
-12
🇧🇴 Britons · Bolivia
479
-12
blindsestudio0
1:52 Loom
13:25 Feudal Age
14:45 Wheelbarrow
15:03 Double-Bit Axe
19:25 Man-at-Arms
26:09 Castle Age
27:07 Town Watch
27:11 Light Cavalry
42:49 Bow Saw
44:22 Pikeman
45:03 Squires
45:59 Horse Collar
46:47 Husbandry
48:19 Heavy Plow
48:46 Ballistics
49:54 Padded Archer Armor
49:55 Gold Mining
50:46 Hand Cart
51:03 Yeomen
53:46 Leather Archer Armor
54:56 Town Patrol
55:00 Scale Mail Armor
56:30 Fortified Wall
56:21 Arson
57:31 Fletching
58:58 Husbandry
59:46 Gambesons
62:55 Imperial Age
62:58 Elite Longbowman
63:41 Warwolf
63:54 Heavy Scorpion
blindsbolivia
13:59 Feudal Age
27:08 Town Watch
38:40 Castle Age
51:29 Double-Bit Axe
Nourext
0:46 Loom
15:37 Feudal Age
16:20 Horse Collar
16:29 Double-Bit Axe
17:21 Wheelbarrow
18:15 Scale Barding Armor
18:48 Bloodlines
25:05 Town Watch
27:35 Arson
27:12 Man-at-Arms
31:57 Scale Mail Armor
38:04 Fletching
41:29 Castle Age
42:49 Hand Cart
42:55 Chain Mail Armor
42:04 Long Swordsman
42:31 Pikeman
43:10 Bodkin Arrow
43:27 Bow Saw
43:10 Gold Mining
44:04 Corvinian Army
44:38 Heavy Plow
45:02 Chain Barding Armor
50:28 Imperial Age
48:47 Padded Archer Armor
48:52 Husbandry
49:23 Town Patrol
51:05 Leather Archer Armor
51:34 Parthian Tactics
51:50 Plate Barding Armor
52:55 Two-Man Saw
52:26 Recurve Bow
52:32 Bracer
51:55 Two-Handed Swordsman
53:21 Crop Rotation
54:00 Ballistics
54:41 Chemistry
53:55 Heavy Cavalry Archer
thiago.16
0:31 Loom
11:36 Feudal Age
12:11 Horse Collar
12:19 Double-Bit Axe
14:45 Gold Mining
15:41 Wheelbarrow
15:27 Stone Mining
16:45 Bloodlines
19:48 Scale Barding Armor
21:03 Man-at-Arms
21:29 Arson
21:57 Forging
21:48 Scale Mail Armor
26:49 Castle Age
24:34 Town Watch
24:53 Padded Archer Armor
24:44 Fletching
27:55 Heavy Plow
28:14 Bow Saw
28:28 Chain Barding Armor
28:58 Husbandry
28:18 Light Cavalry
29:38 Gold Shaft Mining
30:36 Chain Mail Armor
31:02 Gambesons
36:50 Imperial Age
35:19 Leather Archer Armor
35:01 Bodkin Arrow
36:17 Treadmill Crane
36:32 Murder Holes
36:58 Ballistics
37:16 Hand Cart
41:50 Plate Mail Armor
42:14 Elite Samurai
44:39 Iron Casting
44:05 Bracer
45:13 Chemistry
44:37 Squires
43:58 Pikeman
47:03 Town Patrol
46:46 Halberdier
50:56 Elite Skirmisher
54:35 Two-Man Saw
Connection lost

Rejoining the realm…

Still unreachable

The connection could not be restored.

Session expired

The server has moved on; the page needs a fresh start.